 Dungeon Crawl Stone Soup version 0.21.1-1-g345015fe64 (webtiles) character file.

4720 Mrkan the Grappler (level 10, -3/98 HPs)
             Began as a Troll Monk on May 12, 2018.
             Was the Champion of Ru.
             Slain by a death yak (25 damage)
             ... on level 9 of the Dungeon.
             The game lasted 00:19:11 (7496 turns).

Mrkan the Grappler (Troll Monk)                     Turns: 7496, Time: 00:19:12

Health: -3/98      AC:  6    Str: 21    XL:     10   Next: 22%
Magic:  9/9        EV: 11    Int:  6    God:    Ru [******]
Gold:   421        SH:  0    Dex: 15    Spells: 8/9 levels left

rFire    . . .     SeeInvis .     - Unarmed
rCold    . . .     Gourm    +   (no shield)
rNeg     . . .     Faith    .   a - +0 robe
rPois    .         Spirit   .   (helmet restricted)
rElec    .         Reflect  .   e - +0 cloak
rCorr    .         Harm     .   (gloves unavailable)
MR       .....                  (boots unavailable)
Stlth    ++........             (no amulet)
HPRegen  0.66/turn              d - ring of protection from fire
MPRegen  0.11/turn              j - ring of protection from cold

@: no status effects
A: large, unfitting armour, claws 3, fast metabolism 3, gourmand, regeneration
1, shaggy fur 1, tough skin 2, inability to use devices, unskilled 1,
temperature sensitive
a: Draw Out Power, Power Leap, Apocalypse, Renounce Religion


You were on level 9 of the Dungeon.
You worshipped Ru.
Ru was exalted by your worship.
You were very full.

You visited 2 branches of the dungeon, and saw 10 of its levels.
You also visited: Sewer.

You collected 421 gold pieces.

Inventory:

Armour
 a - a +0 robe (worn)
 e - a +0 cloak (worn)
Jewellery
 c - an uncursed ring of protection from magic
 d - a ring of protection from fire (left claw)
 j - a ring of protection from cold (right claw)
 n - a +2 ring of strength
 o - an uncursed ring of poison resistance
 q - an uncursed ring of ice
 H - a cursed amulet of inaccuracy
 I - an uncursed ring of poison resistance
 K - an uncursed amulet of regeneration {unknown}
 M - an uncursed ring of positive energy {unknown}
Wands
 A - a wand of digging (11)
Scrolls
 f - 6 scrolls of teleportation
 g - 10 scrolls of remove curse
 h - 2 scrolls of immolation {unknown}
 i - 2 scrolls of amnesia {unknown}
 m - a scroll of noise {unknown}
 r - 5 scrolls of magic mapping {unknown}
 t - 3 scrolls of fear {unknown}
 y - a scroll of enchant weapon {unknown}
 B - a scroll of enchant armour {unknown}
 C - 2 scrolls of blinking {unknown}
 E - a scroll of fog {unknown}
 L - 2 scrolls of random uselessness {unknown}
Potions
 k - a potion of magic {unknown}
 l - 7 potions of heal wounds
 p - a potion of mutation {unknown}
 s - 5 potions of brilliance
 u - a potion of agility {unknown}
 v - a potion of curing
 x - 2 potions of might {unknown}
 z - 3 potions of flight
 D - 2 potions of degeneration {unknown}
 F - a potion of lignification {unknown}
 G - 4 potions of haste {unknown}
Books
 J - a Young Poisoner's Handbook

   Spells                             Type                      Level
   a - Sting                          Conjuration/Poison           1
   b - Poisonous Vapours              Poison/Air                   2
   c - Mephitic Cloud                 Conjuration/Poison/Air       3
   d - Olgreb's Toxic Radiance        Poison                       4
   e - Venom Bolt                     Conjuration/Poison           5
Comestibles
 b - 19 rations
 w - 3 chunks of flesh


   Skills:
 * Level 6.0 Fighting
 - Level 3.6 Dodging
 - Level 2.1 Stealth
 - Level 11.2 Unarmed Combat


You had 8 spell levels left.
You knew the following spells:

 Your Spells              Type           Power        Failure   Level  Hunger
a - Sting                 Conj/Pois      #...         45%         1    ##.....


Dungeon Overview and Level Annotations

Branches:
Dungeon (9/15)             Temple (1/1) D:4
   Lair: D:8-11         Orc: D:9-12

Altars:
Ashenzari
Cheibriados
Dithmenos
Elyvilon
Fedhas
Gozag
Hepliaklqana
Kikubaaqudgha
Makhleb
Nemelex Xobeh
Okawaru
Qazlal
Ru
Sif Muna
Trog
Uskayaw
Vehumet
Wu Jian
Xom
Yredelemnul
Zin
The Shining One


Innate Abilities, Weirdness & Mutations

You are too large for most types of armour.
You have claws for hands.
Your metabolism is lightning-fast.
You like to eat raw meat.
Your natural rate of healing is unusually fast.
You are covered in fur. (AC +1)
You have very tough skin. (AC +2)
You cannot study or use magical devices.
You are somewhat unskilled. (-1 Apt)
You are sensitive to extremes of temperature. (rF-, rC-)


Message History

The death yak is severely wounded.
You claw the death yak!
The death yak is severely wounded.
The death yak gores you!
* * * LOW HITPOINT WARNING * * *
You feel much better.
The orc is stunned by your will and fails to attack.
You redirect the orc's attack!
The orc hits the orc but does no damage.
The orc misses you. The death yak gores you!!
* * * LOW HITPOINT WARNING * * *
A death yak comes into view.
The death yak bellows!
You scratch the death yak.
The death yak is severely wounded.
You hear an angry buzzing noise.
The orc hits you with a hand axe.
* * * LOW HITPOINT WARNING * * *
The death yak gores you!!
You die...

####....########.####
##...#### ..#
#......# #.##
#......# #. #......#
#......# #...)..#
#...)oo##.##
#....@Y.Yl(#
#$....r###..Y
####.### #.# ..# #.##
#. ..


You could see 3 death yaks, an iguana, a hell rat and 2 orcs.

Vanquished Creatures
  2 two-headed ogres (D:8)
  Maurice (D:8)
  A hornet (D:9)
  Prince Ribbit (D:8)
  2 orc warriors
  An ice beast (D:5)
  3 ogres
  A crocodile (D:9)
  7 bullfrogs
  3 big kobolds
  2 scorpions
  3 wights (D:7)
  4 howler monkeys
  A crimson imp (D:7)
  7 hounds
  A centaur skeleton (D:8)
  2 jellies (D:7)
  2 orc priests
  Jessica (D:3)
  Ijyb (D:4)
  5 orc wizards
  8 worker ants
  A killer bee zombie (D:5)
  4 gnolls (D:6)
  11 adders
  5 river rats (Sewer)
  A white imp (D:8)
  4 oozes
  An adder skeleton (D:5)
  5 worms
  2 dart slugs
  8 leopard geckos
  19 orcs
  7 giant cockroaches
  10 goblins
  4 hobgoblins
  4 jackals (D:5)
  7 quokkas
  4 ball pythons (Sewer)
  6 bats
  4 frilled lizards
  3 goblin skeletons (D:8)
  A goblin zombie (D:8)
  2 hobgoblin zombies (D:8)
  18 kobolds
  A kobold skeleton (D:8)
  2 leopard gecko skeletons
  4 orc skeletons (D:8)
  An orc zombie (D:8)
  2 quokka skeletons
  27 rats
227 creatures vanquished.

Vanquished Creatures (others)
  An orc (D:8)
1 creature vanquished.

Grand Total: 228 creatures vanquished

Notes
Turn   | Place    | Note
-------+----------+-------------------------------------------
     0 | D:1      | Mrkan the Troll Monk began the quest for the Orb.
     0 | D:1      | Reached XP level 1. HP: 22/22 MP: 0/0
    55 | D:1      | Reached XP level 2. HP: 29/29 MP: 1/1
   587 | D:2      | Reached XP level 3. HP: 34/36 MP: 2/2
   991 | D:2      | Reached XP level 4. HP: 40/44 MP: 3/3
  1059 | D:2      | Found an opulent altar of Gozag.
  1443 | D:3      | Noticed Jessica
  1448 | D:3      | Killed Jessica
  1448 | D:3      | Reached XP level 5. HP: 53/53 MP: 4/4
  1813 | D:3      | Reached skill level 4 in Unarmed Combat
  1835 | D:3      | Found a glowing drain.
  1839 | Sewer    | Entered a sewer
  2100 | Sewer    | Reached XP level 6. HP: 55/61 MP: 5/5
  3262 | D:4      | Reached XP level 7. HP: 66/68 MP: 6/6
  3295 | D:4      | Noticed Ijyb
  3306 | D:4      | Killed Ijyb
  3416 | D:4      | Found a staircase to the Ecumenical Temple.
  3635 | D:4      | Found an iron altar of Okawaru.
  3638 | D:4      | Found a stormy altar of Qazlal.
  3648 | D:4      | Found a blossoming altar of Fedhas.
  3837 | Temple   | Entered the Ecumenical Temple
  4126 | Temple   | Became a worshipper of Ru the Awakened
  4150 | D:4      | Gained mutation: You cannot study or use magical devices. [Ru sacrifice]
  4150 | D:4      | Reached * piety under Ru
  4150 | D:4      | Reached ** piety under Ru
  4173 | D:5      | Entered Level 5 of the Dungeon
  4279 | D:5      | Reached skill level 5 in Unarmed Combat
  4397 | D:5      | Found a shadowy altar of Dithmenos.
  4547 | D:5      | Reached skill level 6 in Unarmed Combat
  4909 | D:5      | Reached skill level 7 in Unarmed Combat
  5103 | D:6      | Reached XP level 8. HP: 76/78 MP: 7/7
  5220 | D:6      | Found a deep blue altar of Sif Muna.
  5235 | D:6      | Found an ancient bone altar of Kikubaaqudgha.
  5247 | D:6      | Found a radiant altar of Vehumet.
  5307 | D:6      | Reached skill level 8 in Unarmed Combat
  5545 | D:6      | Reached skill level 9 in Unarmed Combat
  5957 | D:7      | Gained mutation: You are sensitive to extremes of temperature. (rF-, rC-) [Ru sacrifice]
  5957 | D:7      | Reached *** piety under Ru
  5957 | D:7      | Reached **** piety under Ru
  5957 | D:7      | Reached ***** piety under Ru
  6506 | D:8      | Noticed a two-headed ogre
  6517 | D:8      | Killed a two-headed ogre
  6517 | D:8      | Reached skill level 10 in Unarmed Combat
  6517 | D:8      | Reached XP level 9. HP: 25/84 MP: 8/8
  6637 | D:8      | Reached skill level 11 in Unarmed Combat
  6649 | D:8      | Noticed Prince Ribbit
  6668 | D:8      | Noticed a two-headed ogre
  6683 | D:8      | Killed a two-headed ogre
  6683 | D:8      | Reached skill level 12 in Unarmed Combat
  6684 | D:8      | Noticed Maurice
  6712 | D:8      | Killed Maurice
  6726 | D:8      | Reached skill level 5 in Fighting
  6751 | D:8      | Killed Prince Ribbit
  6751 | D:8      | Reached XP level 10. HP: 60/96 MP: 9/9
  6865 | D:8      | Found a glowing golden altar of the Shining One.
  7382 | D:9      | Gained mutation: You are somewhat unskilled. (-1 Apt) [Ru sacrifice]
  7382 | D:9      | Reduced skill Fighting to level 5
  7382 | D:9      | Reduced skill Unarmed Combat to level 11
  7382 | D:9      | Reached ****** piety under Ru
  7385 | D:9      | Learned a level 1 spell: Sting
  7461 | D:9      | Paralysed by a hornet for 2 turns
  7484 | D:9      | Noticed a death yak
  7492 | D:9      | Noticed a death yak
  7495 | D:9      | Noticed a death yak
  7496 | D:9      | Slain by a death yak

Skill      XL: |  1  2  3  4  5  6  7  8  9 10 |
---------------+-------------------------------+-----
Dodging        | 3 4 3 |  3.6
Fighting       | 3 5 6 |  6.0
Unarmed Combat | 4 7 10 12 11 | 11.2
Stealth        | 2 |  2.1

Action                   |  1- 3 |  4- 6 |  7- 9 | 10-12 || total
-------------------------+-------+-------+-------+-------++-------
Melee: Unarmed           |    63 |   222 |   244 |    66 ||   595
       Punch             |     1 |     1 |     8 |     6 ||    16
Invok: Sacrifice Artific |       |       |     1 |       ||     1
       Sacrifice Resista |       |       |     1 |       ||     1
       Sacrifice Skill   |       |       |       |     1 ||     1
  Use: Scroll            |       |       |    13 |       ||    13
       Potion            |       |       |     1 |     2 ||     3
 Stab: Sleeping          |     1 |     1 |     7 |       ||     9
       Distracted        |       |       |     1 |       ||     1
       Invisible         |       |       |     1 |     1 ||     2
       Paralysed         |       |       |       |     2 ||     2
  Eat: Chunk             |    14 |    21 |    30 |     9 ||    74
Armor: Robe              |    45 |   117 |    65 |    10 ||   237
Dodge: Dodged            |    46 |   213 |   133 |    39 ||   431
